3AA
CASPER GHOSTS @ SAN ANTONIO BC
08/18/2032
 
TOP OF THE 1ST
Casper Ghosts batting - Pitching for San Antonio BC : LHP Luis Díaz
Pitching: LHP Luis Díaz
Batting: LHB Shunso Kiyomizu 0-0: Ball
1-0: Fly out, F8 (Flyball, 8LS)
Batting: RHB Armando Pacheco 0-0: Foul Ball, location: 2F
0-1: Ball
1-1: Ball
2-1: Foul Ball, location: 2F
2-2: Foul Ball, location: 2F
2-2: Fly out, F8 (Flyball, 8LD)
Batting: RHB Jeff Mouton 0-0: Ball
1-0: Ball
2-0: Ground out 6-3 (Groundball, 6)
Top of the 1st over - 0 runs, 0 hits, 0 errors, 0 left on base; Casper 0 - San Antonio 0
BOTTOM OF THE 1ST
San Antonio BC batting - Pitching for Casper Ghosts : RHP Roy Bell
Pitching: RHP Roy Bell
Batting: SHB Rodolphe Nairn 0-0: Ball
1-0: Swinging Strike
1-1: Fly out, F7 (Flyball, 7D)
Batting: RHB Mike Howard 0-0: Swinging Strike
0-1: Ball
1-1: Ball
2-1: Swinging Strike
2-2: Strikes out swinging
Batting: RHB Abraham Phelps 0-0: Foul Ball, location: 2F
0-1: Ball
1-1: Foul Ball, location: 2F
1-2: Foul Ball, location: 2F
1-2: Strikes out looking
Bottom of the 1st over - 0 runs, 0 hits, 0 errors, 0 left on base; Casper 0 - San Antonio 0
TOP OF THE 2ND
Casper Ghosts batting - Pitching for San Antonio BC : LHP Luis Díaz
Batting: RHB Bob Phillips 0-0: Ball
1-0: Swinging Strike
1-1: Swinging Strike
1-2: Ball
2-2: Ball
3-2: Base on Balls
Batting: LHB Ronald Anderson 0-0: SINGLE (Groundball, 25) (infield hit)
Bob Phillips to second
Batting: RHB Steve Weber 0-0: Called Strike
0-1: Foul Ball, location: 2F
0-2: Ball
1-2: DOUBLE (Line Drive, 7LM)
Bob Phillips scores
Ronald Anderson to third
Runner from 3rd tries for Home, SAFE, no throw
Batting: RHB José Córdova 0-0: Ball
1-0: Ball
2-0: Ball
3-0: Called Strike
3-1: Swinging Strike
3-2: Strikes out looking
Batting: RHB Félix Martínez 0-0: Ball
1-0: Called Strike
1-1: Ball
2-1: Foul Ball, location: 2F
2-2: Strikes out swinging
Batting: LHB Jorge Morín 0-0: Called Strike
0-1: Ball
1-1: Ball
2-1: Foul Ball, location: 2F
2-2: Strikes out looking
Top of the 2nd over - 2 runs, 2 hits, 0 errors, 1 left on base; Casper 2 - San Antonio 0
BOTTOM OF THE 2ND
San Antonio BC batting - Pitching for Casper Ghosts : RHP Roy Bell
Batting: LHB Pablo Morales 0-0: Called Strike
0-1: Foul Ball, location: 2F
0-2: Ball
1-2: Foul Ball, location: 2F
1-2: Strikes out swinging
Batting: SHB Anastasio Delgadilo 0-0: Swinging Strike
0-1: Foul Ball, location: 2F
0-2: Strikes out looking
Batting: RHB Chet Mathis 0-0: Ball
1-0: Ball
2-0: Ball
3-0: Base on Balls
Batting: RHB José Perea 0-0: Called Strike
0-1: Ball
1-1: Ball
2-1: Ball
3-1: Called Strike
3-2: SINGLE (Groundball, 56) (infield hit)
Chet Mathis to second
Batting: RHB Ben Hampton 0-0: Called Strike
0-1: Foul Ball, location: 2F
0-2: Strikes out swinging
Bottom of the 2nd over - 0 runs, 1 hit, 0 errors, 2 left on base; Casper 2 - San Antonio 0
TOP OF THE 3RD
Casper Ghosts batting - Pitching for San Antonio BC : LHP Luis Díaz
Batting: LHB Shunso Kiyomizu 0-0: Swinging Strike
0-1: Ball
1-1: Bunt for hit - play at first, batter OUT! 3-4
Batting: RHB Armando Pacheco 0-0: Swinging Strike
0-1: Ground out 6-3 (Groundball, 6)
Batting: RHB Jeff Mouton 0-0: Ball
1-0: Ball
2-0: Called Strike
2-1: SINGLE (Groundball, 56) (infield hit)
Batting: RHB Bob Phillips 0-0: Ball
1-0: Ball
2-0: Called Strike
2-1: Ball
3-1: Base on Balls
Jeff Mouton to second
Batting: LHB Ronald Anderson 0-0: Called Strike
0-1: Called Strike
0-2: Ball
1-2: Foul Ball, location: 2F
1-2: Foul Ball, location: 2F
1-2: Strikes out swinging
Top of the 3rd over - 0 runs, 1 hit, 0 errors, 2 left on base; Casper 2 - San Antonio 0
BOTTOM OF THE 3RD
San Antonio BC batting - Pitching for Casper Ghosts : RHP Roy Bell
Batting: RHB Ryan Robbins 0-0: Ball
1-0: Called Strike
1-1: Ball
2-1: Ball
3-1: Called Strike
3-2: Base on Balls
Batting: SHB Rodolphe Nairn 0-0: Ball
1-0: Foul Ball, location: 2F
1-1: Ground out 4-3 (Groundball, 4S)
Ryan Robbins to second
Batting: RHB Mike Howard 0-0: Ball
1-0: Called Strike
1-1: Ball
2-1: Foul Ball, location: 2F
2-2: Fly out, F8 (Flyball, 8RXD)
Runner from 2nd tags up, SAFE at 3rd, no throw
Batting: RHB Abraham Phelps 0-0: Called Strike
0-1: Ball
1-1: Foul Ball, location: 2F
1-2: Foul Ball, location: 2F
1-2: Strikes out swinging
Bottom of the 3rd over - 0 runs, 0 hits, 0 errors, 1 left on base; Casper 2 - San Antonio 0
TOP OF THE 4TH
Casper Ghosts batting - Pitching for San Antonio BC : LHP Luis Díaz
Batting: RHB Steve Weber 0-0: Called Strike
0-1: Ball
1-1: Foul Ball, location: 2F
1-2: Ball
2-2: Ball
3-2: Foul Ball, location: 2F
3-2: Ground out 4-3 (Groundball, 4)
Batting: RHB José Córdova 0-0: Ball
1-0: Ball
2-0: Ball
3-0: Called Strike
3-1: Base on Balls
Batting: RHB Félix Martínez 0-0: Ball
1-0: Ball
2-0: Fly out, F7 (Flyball, 7LM)
Batting: LHB Jorge Morín 0-0: Ball
1-0: Foul Ball, location: 2F
1-1: Ball
2-1: Foul Ball, location: 2F
2-2: Strikes out swinging
Top of the 4th over - 0 runs, 0 hits, 0 errors, 1 left on base; Casper 2 - San Antonio 0
BOTTOM OF THE 4TH
San Antonio BC batting - Pitching for Casper Ghosts : RHP Roy Bell
Batting: LHB Pablo Morales 0-0: Called Strike
0-1: Ball
1-1: Ball
2-1: Ball
3-1: Base on Balls
Batting: SHB Anastasio Delgadilo 0-0: Swinging Strike
0-1: Ball
1-1: Ball
2-1: Fly out, F9 (Flyball, 9S)
Batting: RHB Chet Mathis 0-0: Called Strike
0-1: Ball
1-1: Foul Ball, location: 2F
1-2: SINGLE (Groundball, 34D)
Pablo Morales to second
Runner from 2nd tries for 3rd, SAFE, no throw
Batting: RHB José Perea 0-0: Foul Ball, location: 2F
0-1: Ball
1-1: Foul Ball, location: 2F
1-2: Ball
2-2: SINGLE (Groundball, 6) (infield hit)
Pablo Morales scores
Chet Mathis to second
Batting: RHB Ben Hampton 0-0: Foul Ball, location: 2F
0-1: Called Strike
0-2: Ball
1-2: Fielders Choice at 2nd, 6-4 (Groundball, 6D)
Chet Mathis to third
Batting: RHB Ryan Robbins 0-0: SINGLE (Line Drive, 7LS)
Chet Mathis scores
Ben Hampton to second
Batting: SHB Rodolphe Nairn 0-0: Called Strike
0-1: Ball
1-1: TRIPLE (Line Drive, 7LD)
Ben Hampton scores
Ryan Robbins scores
Batting: RHB Mike Howard 0-0: Called Strike
0-1: Ball
1-1: Foul Ball, location: 2F
1-2: Strikes out swinging
Bottom of the 4th over - 4 runs, 4 hits, 0 errors, 1 left on base; Casper 2 - San Antonio 4
TOP OF THE 5TH
Casper Ghosts batting - Pitching for San Antonio BC : LHP Luis Díaz
Batting: LHB Shunso Kiyomizu 0-0: Swinging Strike
0-1: Fly out, F7 (Flyball, 78M)
Batting: RHB Armando Pacheco 0-0: Foul Ball, location: 2F
0-1: Ball
1-1: Foul Ball, location: 2F
1-2: Ground out 4-3 (Groundball, 4)
Batting: RHB Jeff Mouton 0-0: Called Strike
0-1: Ball
1-1: Fly out, F9 (Flyball, 9S)
Top of the 5th over - 0 runs, 0 hits, 0 errors, 0 left on base; Casper 2 - San Antonio 4
BOTTOM OF THE 5TH
San Antonio BC batting - Pitching for Casper Ghosts : RHP Roy Bell
Batting: RHB Abraham Phelps 0-0: Ground out 4-3 (Groundball, 4MD)
Batting: LHB Pablo Morales 0-0: Called Strike
0-1: Ball
1-1: Called Strike
1-2: Strikes out swinging
Batting: SHB Anastasio Delgadilo 0-0: Called Strike
0-1: Fly out, F8 (Flyball, 89M)
Bottom of the 5th over - 0 runs, 0 hits, 0 errors, 0 left on base; Casper 2 - San Antonio 4
TOP OF THE 6TH
Casper Ghosts batting - Pitching for San Antonio BC : LHP Luis Díaz
Batting: RHB Bob Phillips 0-0: Ball
1-0: Ball
2-0: Ball
3-0: Base on Balls
Batting: LHB Ronald Anderson 0-0: Ball
1-0: Swinging Strike
1-1: Ball
2-1: Foul Ball, location: 2F
2-2: Strikes out swinging
Batting: RHB Steve Weber 0-0: Ground out 3-1 (Groundball, 34S)
Bob Phillips to second
Batting: RHB José Córdova 0-0: Ground out 5-3 (Groundball, 56)
Top of the 6th over - 0 runs, 0 hits, 0 errors, 1 left on base; Casper 2 - San Antonio 4
BOTTOM OF THE 6TH
San Antonio BC batting - Pitching for Casper Ghosts : RHP Roy Bell
Batting: RHB Chet Mathis 0-0: Called Strike
0-1: Ball
1-1: Ground out 1-3 (Groundball, 13)
Batting: RHB José Perea 0-0: Called Strike
0-1: Ball
1-1: Swinging Strike
1-2: Ground out 4-3 (Groundball, 4M)
Batting: RHB Ben Hampton 0-0: Ball
1-0: Called Strike
1-1: Swinging Strike
1-2: Ball
2-2: Strikes out swinging
Bottom of the 6th over - 0 runs, 0 hits, 0 errors, 0 left on base; Casper 2 - San Antonio 4
TOP OF THE 7TH
Casper Ghosts batting - Pitching for San Antonio BC : LHP Luis Díaz
Batting: RHB Félix Martínez 0-0: Ball
1-0: Called Strike
1-1: Foul Ball, location: 2F
1-2: SOLO HOME RUN (Flyball, 9LD), Distance : 342 ft
Batting: LHB Jorge Morín 0-0: Ground out 5-3 (Groundball, 56D)
Batting: LHB Shunso Kiyomizu 0-0: Called Strike
0-1: Ground out 4-3 (Groundball, 4M)
Batting: RHB Armando Pacheco 0-0: Foul Ball, location: 2F
0-1: Ball
1-1: Foul Ball, location: 2F
1-2: Strikes out swinging
Top of the 7th over - 1 run, 1 hit, 0 errors, 0 left on base; Casper 3 - San Antonio 4
BOTTOM OF THE 7TH
San Antonio BC batting - Pitching for Casper Ghosts : RHP Roy Bell
Batting: RHB Ryan Robbins 0-0: Ball
1-0: Ball
2-0: Ball
3-0: Called Strike
3-1: Called Strike
3-2: Base on Balls
Batting: SHB Rodolphe Nairn 0-0: Ball
1-0: Bunted foul
1-1: Bunted foul
1-2: Ball
2-2: Foul Ball, location: 2F
2-2: Fielders Choice at 2nd, 1-4 (Groundball, 25)
Pitching: RHP Eddie Attoehow
Batting: RHB Mike Howard 0-0: Ball
1-0: Called Strike
Rodolphe Nairn steals 2nd base
1-1: Swinging Strike
1-2: Strikes out swinging
Batting: RHB Abraham Phelps 0-0: Ball
1-0: Foul Ball, location: 2F
1-1: Fly out, F8 (Flyball, 8LM)
Bottom of the 7th over - 0 runs, 0 hits, 0 errors, 1 left on base; Casper 3 - San Antonio 4
TOP OF THE 8TH
Casper Ghosts batting - Pitching for San Antonio BC : LHP Luis Díaz
Batting: RHB Jeff Mouton 0-0: Ball
1-0: Ground out 6-3 (Groundball, 6)
Pitching: RHP Curt Orser
Batting: RHB Bob Phillips 0-0: Ball
1-0: Called Strike
1-1: Foul Ball, location: 2F
1-2: Foul Ball, location: 2F
1-2: Ball
2-2: Foul Ball, location: 2F
2-2: Strikes out swinging
Batting: LHB Ronald Anderson 0-0: Ball
1-0: Foul Ball, location: 2F
1-1: SOLO HOME RUN (Flyball, 9LD), Distance : 339 ft
Batting: RHB Steve Weber 0-0: Swinging Strike
0-1: Foul Ball, location: 2F
0-2: Ball
1-2: Strikes out swinging
Top of the 8th over - 1 run, 1 hit, 0 errors, 0 left on base; Casper 4 - San Antonio 4
BOTTOM OF THE 8TH
San Antonio BC batting - Pitching for Casper Ghosts : RHP Eddie Attoehow
Batting: LHB Pablo Morales 0-0: Ball
1-0: Called Strike
1-1: Ball
2-1: Fly out, F7 (Flyball, 7LM)
Batting: SHB Anastasio Delgadilo 0-0: Ball
1-0: Fly out, F7 (Flyball, 7LM)
Batting: RHB Chet Mathis 0-0: Foul Ball, location: 2F
0-1: Ball
1-1: Called Strike
1-2: Ball
2-2: DOUBLE (Flyball, 89D) - OUT at third base trying to stretch hit.
Bottom of the 8th over - 0 runs, 1 hit, 0 errors, 0 left on base; Casper 4 - San Antonio 4
TOP OF THE 9TH
Casper Ghosts batting - Pitching for San Antonio BC : RHP Curt Orser
Pitching: RHP Corbin Holling
Batting: RHB José Córdova 0-0: Ball
1-0: Foul Ball, location: 2F
1-1: Ball
2-1: Ball
3-1: Ground out U3 (Groundball, 3L)
Pinch Hitting: RHB Adrijan Markovski 0-0: Ball
1-0: SINGLE (Groundball, 34D)
Pinch Runner at 1st Paco Ríos:
Batting: LHB Jorge Morín 0-0: SINGLE (Groundball, 4MD)
Paco Ríos to second
Batting: LHB Shunso Kiyomizu 0-0: Ball
Wild Pitch!
Paco Ríos to third
Jorge Morín to second
1-0: Intentional Walk
Batting: RHB Armando Pacheco 0-0: Called Strike
0-1: Ball
1-1: Foul Ball, location: 2F
1-2: Strikes out looking
Batting: RHB Jeff Mouton 0-0: Called Strike
0-1: Foul Ball, location: 2F
0-2: Strikes out swinging
Top of the 9th over - 0 runs, 2 hits, 0 errors, 3 left on base; Casper 4 - San Antonio 4
BOTTOM OF THE 9TH
San Antonio BC batting - Pitching for Casper Ghosts : RHP Eddie Attoehow
Now in CF: Paco Ríos
Pinch Hitting: LHB Dawit Lihalakha 0-0: Foul Ball, location: 2F
0-1: Ball
1-1: Ball
2-1: Ball
3-1: Called Strike
3-2: Base on Balls
Batting: RHB Ben Hampton 0-0: Bunted foul
0-1: Sac Bunt - play at first, batter OUT! 3-4
Dawit Lihalakha to second
Batting: RHB Ryan Robbins 0-0: Ball
1-0: Ground out 4-3 (Groundball, 34)
Dawit Lihalakha to third
Batting: SHB Rodolphe Nairn 0-0: Ground out U3 (Groundball, 34)
Bottom of the 9th over - 0 runs, 0 hits, 0 errors, 1 left on base; Casper 4 - San Antonio 4
TOP OF THE 10TH
Casper Ghosts batting - Pitching for San Antonio BC : RHP Corbin Holling
Pitching: LHP Martín Salazar
Now at C: Rafael López
Batting: RHB Bob Phillips 0-0: Foul Ball, location: 2F
0-1: Ball
1-1: Foul Ball, location: 2F
1-2: Foul Ball, location: 2F
1-2: Foul Ball, location: 2F
1-2: Foul Ball, location: 2F
1-2: Ball
2-2: Foul Ball, location: 2F
2-2: Foul Ball, location: 2F
2-2: Fly out, F9 (Flyball, 89D)
Batting: LHB Ronald Anderson 0-0: Foul Ball, location: 2F
0-1: Swinging Strike
0-2: Ball
1-2: Ball
2-2: Ball
3-2: DOUBLE (Groundball, 3L)
Batting: RHB Steve Weber 0-0: Called Strike
0-1: Swinging Strike
0-2: Strikes out swinging
Batting: RHB José Córdova 0-0: Foul Ball, location: 2F
0-1: Ground out 5-3 (Groundball, 5L)
Top of the 10th over - 0 runs, 1 hit, 0 errors, 1 left on base; Casper 4 - San Antonio 4
BOTTOM OF THE 10TH
San Antonio BC batting - Pitching for Casper Ghosts : RHP Eddie Attoehow
Pitching: RHP Nand Lal Chaudhary
Batting: RHB Mike Howard 0-0: Called Strike
0-1: Foul Ball, location: 2F
0-2: DOUBLE (Line Drive, 78D)
Batting: RHB Abraham Phelps 0-0: Intentional Walk
Batting: LHB Pablo Morales 0-0: Fly out, F8 (Flyball, 8LD)
Batting: SHB Anastasio Delgadilo 0-0: Called Strike
0-1: Ball
1-1: Ball
2-1: Ball
3-1: Foul Ball, location: 2F
3-2: SINGLE (Groundball, 34D)
Mike Howard to third
Abraham Phelps to second
Runner from 3rd tries for Home, SAFE, no throw
Wednesday, September 19th, 2018 - OOTP Baseball 18.8 Build 76